 Dungeon Crawl Stone Soup version 0.23.0 (webtiles) character file.

Game seed: 18346437975384453495

662 Nuz the Stinger (level 7, -1/36 HPs)
             Began as a Deep Elf Venom Mage on Feb 16, 2019.
             Was an Initiate of Sif Muna.
             Killed from afar by Dowan (19 damage)
             ... with a shard of ice
             ... on level 4 of the Dungeon.
             The game lasted 00:15:54 (4333 turns).

Nuz the Stinger (Deep Elf Venom Mage)               Turns: 4333, Time: 00:15:54

Health: -1/36      AC:  4    Str:  5    XL:     7   Next: 30%
Magic:  9/18       EV: 13    Int: 22    God:    Sif Muna [......]
Gold:   218        SH:  0    Dex: 15    Spells: 8/18 levels left

rFire    . . .     SeeInvis .   q - +0 war axe (flame)
rCold    . . .     Gourm    .   (no shield)
rNeg     . . .     Faith    .   a - +0 robe
rPois    .         Spirit   .   t - +0 helmet
rElec    .         Reflect  .   (no cloak)
rCorr    .         Harm     .   (no gloves)
MR       .....                  u - +0 pair of boots
Stlth    ++........             (no amulet)
HPRegen  0.12/turn              (no ring)
MPRegen  0.16/turn              (no ring)

@: no status effects
A: no striking features
a: Renounce Religion


You were on level 4 of the Dungeon.
You worshipped Sif Muna.
Sif Muna was noncommittal.
You were not hungry.

You visited 2 branches of the dungeon, and saw 5 of its levels.

You collected 218 gold pieces.

Inventory:

Hand Weapons
 q - a +0 war axe of flaming (weapon)
Armour
 a - a +0 robe (worn)
 t - a +0 helmet (worn)
 u - a +0 pair of boots (worn)
Jewellery
 e - an uncursed ring of poison resistance {unknown}
 g - an uncursed ring of resist corrosion {unknown}
 m - an uncursed ring of protection from cold {unknown}
 o - a +2 ring of dexterity {unknown}
Wands
 p - a wand of flame (8)
Scrolls
 b - a scroll of enchant armour {unknown}
 d - 8 scrolls of identify {unknown}
 f - 4 scrolls of teleportation {unknown}
 h - a scroll of random uselessness {unknown}
 i - 3 scrolls of remove curse {unknown}
 l - 2 scrolls of magic mapping {unknown}
 v - a scroll of fog {unknown}
Potions
 j - a potion of flight {unknown}
 k - a potion of curing {unknown}
 n - a potion of heal wounds {unknown}
 r - a potion of might
 s - a potion of haste {unknown}
 w - a potion of invisibility {unknown}
Comestibles
 c - 9 rations
 x - 2 chunks of flesh


   Skills:
 - Level 2.4 Dodging
 - Level 2.4 Stealth
 + Level 6.0 Spellcasting
 + Level 4.4 Conjurations
 - Level 2.0 Air Magic
 * Level 6.4 Poison Magic


You had 8 spell levels left.
You knew the following spells:

 Your Spells              Type           Power        Failure   Level  Hunger
a - Sting                 Conj/Pois      ####         1%          1    None
b - Poisonous Vapours     Pois/Air       ####..       2%          2    None
c - Mephitic Cloud        Conj/Pois/Air  ####....     4%          3    #......
d - Olgreb's Toxic Radia  Pois           #####...     6%          4    ###....

Your spell library contained the following spells:

 Spells                   Type           Power        Failure   Level  Hunger
 Venom Bolt               Conj/Pois      ####......   26%         5    #####..


Dungeon Overview and Level Annotations

Branches:
Dungeon (4/15)             Temple (1/1) D:4

Altars:
Ashenzari
Cheibriados
Dithmenos
Elyvilon
Fedhas
Gozag
Hepliaklqana
Makhleb
Okawaru
Qazlal
Sif Muna
Trog
Uskayaw
Wu Jian
Yredelemnul
Zin

Annotations:
D:4 Dowan


Message History

Confirm with . or Enter, or press ? or * to list all spells.
Aiming: Poisonous Vapours (safe; 2% risk of failure)
Press: ? - help, Dir - move target cursor, f/p - Duvessa
Aim: Duvessa, wielding a +0 rapier and wearing a +0 chain mail (severely wounded, poisoned) Poisonous vapours surround Duvessa!
Duvessa is engulfed in poison gas.
Duvessa looks even sicker.
Duvessa hits you with a +0 rapier.
You kill Duvessa!
Sif Muna accepts your kill.
You hear a distant wail of despair.
Training target 2.0 for Air Magic reached!
Your Spellcasting skill increases to level 6!
Your Air Magic skill increases to level 2!
Dowan seems to find hidden reserves of power!
There is an open door here.
You close the door.
Dowan opens the door.
Dowan points at you and mumbles some strange words.
The shard of ice hits you!!
Ouch! That really hurt!
You die...

#........######+#
#...............#
#.รท.............# ###
#...##...##.<...# #..
#...##...##.....# #..
#...#...........# #..
#...+...........+ #..
#...##...####...# #..
##..##..@####...# #..
...##..#......e'...#
#..
........'.......#...#
#..
........#.......#...+
#..
........#.......#...#
#..
###+##+##......##e..#
#.. ##.##...##...# #..
#...#..)##...+ .#'#
#.P.#........#.........


You could see Dowan.

Vanquished Creatures
  Duvessa (D:4)
  An ogre (D:3)
  A scorpion (D:4)
  Jessica (D:3)
  Ijyb (D:3)
  2 orc wizards (D:3)
  3 iguanas
  A hound skeleton (D:4)
  Robin (D:3)
  7 adders
  4 oozes
  An adder skeleton (D:4)
  A worm (D:3)
  4 dart slugs
  3 leopard geckos
  9 orcs
  5 giant cockroaches
  13 goblins
  18 hobgoblins
  8 jackals (D:3)
  7 kobolds
  A quokka (D:4)
  A ball python (D:1)
  8 bats
  2 frilled lizards
  A quokka skeleton (D:4)
  27 rats
132 creatures vanquished.

Notes
Turn   | Place    | Note
-------+----------+-------------------------------------------
     0 | D:1      | Nuz the Deep Elf Venom Mage began the quest for the Orb.
     0 | D:1      | Reached XP level 1. HP: 10/10 MP: 6/6
   352 | D:1      | Reached XP level 2. HP: 15/15 MP: 5/8
   594 | D:1      | Learned a level 2 spell: Poisonous Vapours
   731 | D:1      | Reached XP level 3. HP: 19/19 MP: 7/10
  1085 | D:2      | Found an opulent altar of Gozag.
  1143 | D:2      | Learned a level 3 spell: Mephitic Cloud
  1304 | D:2      | Reached XP level 4. HP: 17/24 MP: 4/12
  2025 | D:3      | Reached XP level 5. HP: 19/28 MP: 4/13
  2210 | D:3      | Noticed Ijyb
  2423 | D:3      | Killed Ijyb
  2516 | D:3      | Noticed an ogre
  2524 | D:3      | Killed an ogre
  2524 | D:3      | Reached skill level 5 in Spellcasting
  2524 | D:3      | Reached skill level 5 in Poison Magic
  2530 | D:3      | Learned a level 4 spell: Olgreb's Toxic Radiance
  2643 | D:3      | Reached XP level 6. HP: 22/32 MP: 9/15
  2812 | D:3      | Noticed Jessica
  2819 | D:3      | Killed Jessica
  2989 | D:3      | Noticed Robin
  2990 | D:3      | Reached skill level 1 in Air Magic
  2996 | D:3      | Killed Robin
  3052 | D:3      | Found a burning altar of Makhleb.
  3460 | D:3      | Found a faded altar of an unknown god.
  3727 | D:4      | Found a staircase to the Ecumenical Temple.
  3733 | Temple   | Entered the Ecumenical Temple
  3932 | Temple   | Became a worshipper of Sif Muna the Loreminder
  4181 | D:4      | Found a white marble altar of Elyvilon.
  4254 | D:4      | Reached XP level 7. HP: 32/36 MP: 11/17
  4290 | D:4      | Noticed Duvessa
  4292 | D:4      | Noticed Dowan
  4321 | D:4      | Killed Duvessa
  4333 | D:4      | Killed from afar by Dowan

Skill      XL: |  1  2  3  4  5  6  7 |
---------------+----------------------+-----
Conjurations   | 2 3 4 |  4.4
Spellcasting   | 4 5 6 |  6.0
Poison Magic   | 4 5 6 |  6.4
Air Magic      | 1 2 |  2.0
Dodging        | |  2.4
Stealth        | |  2.4

Action                   |  1- 3 |  4- 6 |  7- 9 || total
-------------------------+-------+-------+-------++-------
Melee: Unarmed           |     2 |       |       ||     2
       War axe           |       |     9 |     1 ||    10
 Cast: Sting             |    74 |   149 |     7 ||   230
       Poisonous Vapours |     1 |    17 |     4 ||    22
       Mephitic Cloud    |       |     2 |       ||     2
       Olgreb's Toxic Ra |       |     3 |       ||     3
Evoke: Wand              |       |     1 |       ||     1
  Eat: Chunk             |     1 |     6 |       ||     7
       Ration            |       |     1 |       ||     1
Armor: Robe              |     2 |     4 |       ||     6
Dodge: Dodged            |    28 |    36 |     1 ||    65
